 Dungeon Crawl Stone Soup version 0.27-a0-965-gbf8bb431c4 (webtiles) character file.

Game seed: 4134634853460858893

644 mhtbhm the Digger (level 7, -3/40 HPs)
             Began as a Gargoyle Earth Elementalist on Apr 12, 2021.
             Slain by an orc
             ... wielding a +0 trident
              (7 damage)
             ... on level 6 of the Dungeon.
             The game lasted 00:10:44 (6488 turns).

mhtbhm the Digger (Gargoyle Earth Elementalist)     Turns: 6488, Time: 00:10:45

Health: -3/40      AC:  6    Str: 11    XL:     7   Next: 52%
Magic:  0/13       EV: 13    Int: 18    God:
Gold:   176        SH:  0    Dex: 16    Spells: 3/14 levels left

rFire    . . .     SeeInvis .   a - +0 mace
rCold    . . .     Faith    .   (no shield)
rNeg     + . .     Spirit   .   c - +0 robe
rPois    ∞         Reflect  .   (no helmet)
rElec    +         Harm     .   (no cloak)
rCorr    .         Rampage  .   (no gloves)
Will     .....                  (no boots)
Stlth    ++........             (no amulet)
HPRegen  0.13/turn              i - +6 ring of dexterity
MPRegen  0.13/turn              h - ring of flight

@: flying
A: AC +4, negative energy resistance 1, electricity resistance, torment
resistance 1, unbreathing 1, petrification resistance
a: no special abilities


You were on level 6 of the Dungeon.
You visited 1 branch of the dungeon, and saw 6 of its levels.
You also visited: Sewer.

You collected 231 gold pieces.
You spent 55 gold pieces at shops.

Inventory:

Hand Weapons
 a - a +0 mace (weapon)
Missiles
 b - 40 stones
 f - 9 poisoned darts
Armour
 c - a +0 robe (worn)
Jewellery
 h - a ring of flight (right hand)
 i - a +6 ring of dexterity (left hand)
 x - a ring of positive energy
Wands
 j - a wand of digging (9)
Scrolls
 e - a scroll of amnesia
 g - 6 scrolls of teleportation
 m - 3 scrolls of blinking
Potions
 d - a potion of cancellation
 l - a potion of might {unknown}
 n - a potion of heal wounds
 o - 2 potions of curing {unknown}
 p - a potion of magic {unknown}
 q - 2 potions of haste {unknown}
 s - a potion of berserk rage {unknown}
 t - 2 potions of attraction {unknown}
 w - a potion of mutation {unknown}
 z - a potion of brilliance {unknown}


   Skills:
 + Level 2.0 Fighting
 + Level 3.6 Maces & Flails
 + Level 0.2 Throwing
 + Level 2.7 Dodging
 - Level 2.9 Stealth
 + Level 4.1 Spellcasting
 + Level 0.4 Conjurations
 + Level 0.7 Transmutations
 + Level 5.8 Earth Magic


You had 3 spell levels left.
You knew the following spells:

 Your Spells              Type           Power      Damage    Failure   Level
a - Sandblast             Erth           48%        2d12      1%          1
b - Passwall              Tmut/Erth      12%        N/A       6%          2
c - Stone Arrow           Conj/Erth      30%        3d8       12%         3
d - Lee's Rapid Deconstr  Erth           12%        3d9*      36%         5

Your spell library contained the following spells:

 Spells                   Type           Power      Damage    Failure   Level
 Magic Dart               Conj           20%        1d4       12%         1
 Searing Ray              Conj           10%        3d3       19%         2
 Blink                    Tloc           N/A        N/A       22%         2
 Call Imp                 Summ           3%         N/A       22%         2
 Slow                     Hex            3%         N/A       22%         2
 Conjure Flame            Conj/Fire      4%         6-21      38%         3
 Dazzling Flash           Conj/Hex       8%         N/A       38%         3
 Mephitic Cloud           Conj/Pois/Air  4%         N/A       38%         3
 Confusing Touch          Hex            3%         N/A       41%         3
 Gell's Gravitas          Tloc           1%         N/A       41%         3
 Petrify                  Tmut/Erth      15%        N/A       36%         4
 Fulminant Prism          Conj/Hex       2%         3d6       80%         4
 Iskenderun's Mystic Bla  Conj/Tloc      4%         2d3       80%         4
 Yara's Violent Unravell  Hex/Tmut       2%         3d3       98%         5
 Metabolic Englaciation   Hex/Ice        1%         N/A       99%         5


Dungeon Overview and Level Annotations

Branches:
Dungeon (6/15)              Sewer (visited)
 Temple: D:4-7

Altars:
Cheibriados
Nemelex Xobeh
Wu Jian

Shops:
D:3 ?=[(   D:4 (   D:6 *

Annotations:
D:5 Grinder


Innate Abilities, Weirdness & Mutations

Your stone body is resilient. (AC +4)
You are immune to poison.
You resist negative energy. (rN+)
You are resistant to electric shocks. (rElec)
You are resistant to unholy torment.
You can survive without breathing.
You are immune to petrification.


Message History

The scorpion is severely wounded.
The scorpion stings you.
* * * LOW HITPOINT WARNING * * *
The howler monkey hoots and howls with incredible vigour!
The scorpion stings you but does no damage.
Unknown command.
You hit the scorpion.
You kill the scorpion!
The bullfrog skeleton hits you.
* * * LOW HITPOINT WARNING * * *
The howler monkey hoots and howls with incredible vigour!
The bullfrog skeleton barely misses you.
The wraith misses you.
You hear a shout!
Your Fighting skill increases to level 2!
Unknown command.
You hit the bullfrog skeleton.
The bullfrog skeleton is lightly damaged.
Your surroundings suddenly seem different.
An orc comes into view. It is wielding a +0 trident.
A shadow imp comes into view.
Found 2 coppery potions.
Found Ywuagopp's General Store.
Unknown command.
Casting: Sandblast (safe; 1% risk of failure)
Confirm with . or Enter, or press ? or * to list all spells.
Aiming: Sandblast (safe; 1% risk of failure)
Press: ? - help, Shift-Dir - straight line, f - shadow imp
Aim: a shadow imp (22% to evade)
The blast of sand hits the shadow imp!
The shadow imp is almost dead.
b - 40 stones Unknown command.
You hit the shadow imp.
You kill the shadow imp!
The orc hits you with a +0 trident!
* * * LOW HITPOINT WARNING * * *
You hit the orc.
The orc is moderately wounded.
The orc closely misses you. The orc hits you with a +0 trident!
You die...

............ ##......#
...........# #.......##
...........#
##........# .........#
##.........#
#.......###...........
##S....!.##...........
#.W..###..............
#.#### #.......∩......
#Z# ##.....@....... .h†
..#....o....... #....
............... #.....
............... #..♣PP.
P...#..........
#...PP.PP...##...#.....
##.. ....! #....##.##
P. .#... ##


You could see an orc.

Vanquished Creatures
  An orc warrior (D:5)
  An ogre (D:4)
  A kobold brigand (D:4)
  A scorpion (D:6)
  A hound (D:4)
  Ijyb (D:3)
  An orc wizard (D:4)
  3 gnolls (D:2)
  10 adders
  A shadow imp (D:6)
  An ufetubus (D:4)
  An adder skeleton (D:4)
  3 worms (D:3)
  3 dart slugs
  5 orcs
  7 ball pythons
  9 endoplasms
  7 giant cockroaches
  6 goblins
  6 hobgoblins
  7 jackals (D:1)
  2 quokkas (D:1)
  3 bats
  9 frilled lizards
  6 kobolds
  4 rats
100 creatures vanquished.

Vanquished Creatures (collateral kills)
  A hound (D:6)
1 creature vanquished.

Vanquished Creatures (others)
  A white imp (D:6)
  An orc (D:4)
2 creatures vanquished.

Grand Total: 103 creatures vanquished

Notes
Turn   | Place    | Note
-------+----------+-------------------------------------------
     0 | D:1      | mhtbhm the Gargoyle Earth Elementalist began the quest for
                  | the Orb.
     0 | D:1      | Reached XP level 1. HP: 10/10 MP: 3/3
   349 | D:1      | Reached XP level 2. HP: 2/15 MP: 0/5
   620 | D:1      | Learned a level 2 spell: Passwall
  1144 | D:1      | Reached skill level 4 in Earth Magic
  1168 | D:1      | Reached XP level 3. HP: 10/19 MP: 3/6
  1177 | D:1      | Learned a level 3 spell: Stone Arrow
  1916 | D:2      | Reached XP level 4. HP: 19/24 MP: 1/7
  2018 | D:2      | Reached skill level 1 in Maces & Flails
  2929 | D:3      | Found Qoinliel's Magic Scroll Shop.
  2933 | D:3      | Reached XP level 5. HP: 28/28 MP: 6/9
  2939 | D:3      | Bought a scroll of identify for 20 gold pieces
  2940 | D:3      | Bought a scroll of magic mapping for 35 gold pieces
  3026 | D:3      | Found a glowing drain.
  3038 | D:3      | Reached skill level 1 in Fighting
  3056 | Sewer    | Entered a sewer
  3840 | D:3      | Noticed Ijyb
  3844 | D:3      | Found a faded altar of an unknown god.
  3862 | D:3      | Killed Ijyb
  4138 | D:3      | Found Zedagytz's Antique Armour Emporium.
  4193 | D:3      | Found Liusigg's Jewellery Shoppe.
  4367 | D:3      | Reached XP level 6. HP: 25/34 MP: 10/10
  4373 | D:3      | Learned a level 5 spell: Lee's Rapid Deconstruction
  4587 | D:3      | Found Guczorig's Weapon Shop.
  4771 | D:3      | Found an ornate altar of the Wu Jian Council.
  4813 | D:3      | Found a sparkling altar of Nemelex Xobeh.
  5043 | D:4      | Reached skill level 5 in Earth Magic
  5374 | D:4      | Found Asel's Antique Weapon Boutique.
  5412 | D:4      | Reached XP level 7. HP: 14/38 MP: 3/12
  5724 | D:4      | Found a snail-covered altar of Cheibriados.
  6350 | D:5      | Entered Level 5 of the Dungeon
  6443 | D:5      | Noticed Grinder
  6467 | D:6      | Noticed a wraith
  6484 | D:6      | Found Ywuagopp's General Store.
  6488 | D:6      | Slain by an orc

Illustrated notes

Levels and vault maps discovered:
D:1:      noname_arrival_rooms_in_the_neighbourhood, layout_basic
D:2:      minmay_wonky_spiral, layout_loops_ring, grunt_ministairs_15
D:3:      layout_loops_ring, overflow_temple_1_default, lemuel_round_altar,
          cheibrodos_sewer_entry_bend, basic_ecumenical_altar, serial_shops,
          shop, nicolae_shop_trees, shop, shop_statue, nrook_uturn, uniq_ijyb
D:4:      layout_loops_corners, kennysheep_slug_shrine, serial_shops, shop
D:5:      wad_crossroads, layout_basic, lemuel_doored_altar,
          minmay_temple_entry_grid, uniq_grinder
D:6:      layout_cave_pods, grunt_dithmenos_smoke_and_mirrors, serial_shops,
          shop, kennysheep_mini, shop, kennysheep_mini_moat, shop, serial_park,
          serial_park_square1 [serial_park_minivault_5x5_2], serial_park_square3
          [serial_park_minivault_5x5_8]

Skill      XL: |  1  2  3  4  5  6  7 |
---------------+----------------------+-----
Earth Magic    | 4 5 |  5.8
Dodging        | 2 |  2.7
Maces & Flails | 1 2 3 |  3.6
Fighting       | 1 2 |  2.0
Spellcasting   | 3 4 |  4.1
Throwing       | |  0.2
Stealth        | |  2.9
Conjurations   | |  0.4
Transmutations | |  0.7

Action                   |  1- 3 |  4- 6 |  7- 9 || total
-------------------------+-------+-------+-------++-------
Melee: Club              |    63 |       |       ||    63
       Unarmed           |     1 |       |       ||     1
       Mace              |    10 |   195 |    25 ||   230
Throw: Dart              |       |     1 |     1 ||     2
 Cast: Sandblast         |    23 |    29 |     8 ||    60
       Stone Arrow       |       |     6 |       ||     6
       Lee's Rapid Decon |       |     1 |     1 ||     2
Evoke: Wand              |       |     1 |     2 ||     3
  Use: Scroll            |       |     5 |     3 ||     8
       Potion            |       |       |     1 ||     1
 Stab: Sleeping          |     4 |    13 |     1 ||    18
Armor: Robe              |    40 |    88 |     6 ||   134
Dodge: Dodged            |    56 |   143 |    17 ||   216

Table legend: (Time is in decaauts)
 A = Elapsed time spent in this place.
 B = Non-inter-level travel time spent in this place.
 C = Inter-level travel time spent in this place.
 D = Time resting spent in this place.
 E = Time spent auto-exploring this place.
 F = Levels seen in this place.
 G = Mean time per level.
                   A        B        C        D        E       F      G
               +--------+--------+--------+--------+--------+-----+--------+
         Total |   6573 |   6528 |     45 |   1316 |   3871 |   7 |  939.0 |
       Dungeon |   5839 |   5794 |     45 |   1316 |   3340 |   6 |  973.2 |
         Sewer |    734 |    734 |      0 |      0 |    531 |   1 |  734.0 |
               +--------+--------+--------+--------+--------+-----+--------+

Top non-repeatable levels by time:
     D:1: 1873 daAuts
     D:4: 1378 daAuts
     D:3: 1358 daAuts
     D:2: 1089 daAuts
   Sewer: 734 daAuts
     D:5: 117 daAuts
     D:6: 22 daAuts
